 Dungeon Crawl Stone Soup version 0.29-a0-994-gc5c9f59d18 (webtiles) character file.

Game seed: 16032477067957343595

74330 Turgor the Severer (level 15, -8/127 HPs)
             Began as a Demonspawn Gladiator on Aug 2, 2022.
             Was the Champion of Okawaru.
             Mangled by an orc priest
             ... wielding a +0 flail
              (9 damage)
             ... while paralysed by Maurice
             ... on level 2 of the Orcish Mines on Aug 3, 2022.
             The game lasted 02:33:40 (23894 turns).

Turgor the Severer (Demonspawn Gladiator)          Turns: 23894, Time: 02:33:41

Health: -8/127     AC: 15    Str: 18    XL:     15   Next: 6%
Magic:  0/22       EV:  2    Int: 20    God:    Okawaru [******]
Gold:   3145       SH:  0    Dex: 21    Spells: 11/14 levels left

rFire   + . .      SeeInvis +   C - +5 broad axe "Newtslayer" {protect, rElec rPois rN+ Stlth+}
rCold   + . .      Faith    .   K - +0 buckler
rNeg    + . .      Spirit   +   X - +7 Kryia's mail coat {PotionHeal*2 rC+}
rPois   +          Reflect  .   u - +2 helmet "Zitzyczo" {Int+6}
rElec   +          Harm     .   c - +1 cloak {Stlth+}
rCorr   .          Rampage  .   (gloves unavailable)
Will    .....                   t - +1 pair of boots of Qehan {SInv}
Stlth   ++++......              W - amulet of guardian spirit
HPRegen 1.31/turn               Q - ring "Ziraplusch" {Will- Dex+7 Slay+4}
MPRegen 0.18/turn               a - ring "Qyry" {rElec rF+ EV+4}

@: paralysed, mighty, heroic, spiked, corroded, under a protective aura, hasted,
studying 2 skills
A: claws 3, molten scales 2, foul stench 2, powered by death 1
a: Renounce Religion, Heroism, Finesse, Duel


You were on level 2 of the Orcish Mines.
You worshipped Okawaru.
Okawaru was exalted by your worship.
You visited 4 branches of the dungeon, and saw 19 of its levels.
You also visited: Sewer, Bailey, Gauntlet and Volcano.

You collected 3145 gold pieces.

Inventory:

Hand Weapons
 C - the +5 broad axe "Newtslayer" (weapon) {protect, rElec rPois rN+ Stlth+}
   (You found it on level 11 of the Dungeon)

   It grants its wielder temporary protection when it strikes (+7 to AC).
   rElec:     It insulates you from electricity.
   rPois:     It protects you from poison.
   rN:        It protects you from negative energy.
   Stlth:     It makes you more stealthy.
 U - a +4 eveningstar
Missiles
 d - a throwing net
 e - 40 javelins (quivered)
 E - 8 curare-tipped darts
 H - 8 silver javelins
Armour
 c - a +1 cloak of stealth (worn)
 t - the +1 pair of boots of Qehan (worn) {SInv}
   (You acquired it on level 8 of the Dungeon)

   SInv:      It lets you see invisible.
 u - the +2 helmet "Zitzyczo" (worn) {Int+6}
   (You found it on level 11 of the Dungeon)

   Int:       It affects your intelligence (+6).
 y - the +0 pair of gloves "Cuyxteg" {rF+}
   (Okawaru gifted it to you on level 9 of the Dungeon)

   rF:        It protects you from fire.
 K - a +0 buckler (worn)
 X - the +7 Kryia's mail coat (worn) {PotionHeal*2 rC+}
   (Okawaru gifted it to you on level 11 of the Dungeon)

   Potions are twice as effective at healing its wearer.
   rC:        It protects you from cold.
Jewellery
 a - the ring "Qyry" (right claw) {rElec rF+ EV+4}
   (You found it in a Gauntlet)

   [ring of evasion]

   EV:        It affects your evasion (+4).
   rF:        It protects you from fire.
   rElec:     It insulates you from electricity.
 m - a ring of positive energy
 O - a ring of protection from cold
 Q - the ring "Ziraplusch" (left claw) {Will- Dex+7 Slay+4}
   (You found it in a Gauntlet)

   [ring of slaying]

   Dex:       It affects your dexterity (+7).
   Slay:      It affects your accuracy & damage with ranged weapons and melee
   (+4).
   Will:      It decreases your willpower.
 W - an amulet of guardian spirit (around neck)
Wands
 x - a wand of flame (28)
 L - a wand of iceblast (12)
Scrolls
 b - 8 scrolls of fog {unknown}
 g - a scroll of vulnerability {unknown}
 h - 3 scrolls of fear
 j - 11 scrolls of teleportation
 k - 5 scrolls of amnesia
 q - 2 scrolls of magic mapping
 r - a scroll of torment {unknown}
 B - 2 scrolls of identify
 D - 3 scrolls of enchant armour {unknown}
 F - 3 scrolls of enchant weapon {unknown}
 J - a scroll of blinking {unknown}
 M - 2 scrolls of silence {unknown}
 N - 2 scrolls of noise {unknown}
 S - a scroll of brand weapon {unknown}
 Z - a scroll of acquirement
Potions
 f - 4 potions of attraction
 i - 3 potions of heal wounds
 l - 2 potions of invisibility
 o - 9 potions of curing
 p - 2 potions of cancellation
 v - 3 potions of haste
 w - a potion of degeneration {unknown}
 z - 3 potions of resistance
 A - 2 potions of brilliance
 G - 3 potions of magic
 I - 4 potions of mutation
 T - a potion of might
 V - 2 potions of ambrosia
 Y - a potion of flight
Miscellaneous
 P - a phial of floods (inert)
 R - a tin of tremorstones (inert)


   Skills:
 + Level 14.7(19.7) Fighting
 * Level 15.9(20.9) Axes
 + Level 7.6(12.6) Throwing
 + Level 7.7(12.7) Armour
 + Level 7.8(12.8) Dodging
 - Level 9.0(14.0) Shields
 - Level 10.0 Invocations


You had 11 spell levels left.
You knew the following spells:

 Your Spells              Type           Power      Damage    Failure   Level
a - Necrotise             Necr           0%         1d4       47%         1
b - Summon Small Mammal   Summ           0%         N/A       47%         1
c - Apportation           Tloc           0%         N/A       47%         1

Your spell library contained the following spells:

 Spells                   Type           Power      Damage    Failure   Level
 Beastly Appendage        Tmut           0%         N/A       47%         1
 Static Discharge         Conj/Air       0%         3-3/arc   63%         2
 Wereblood                Tmut           0%         N/A       63%         2
 Dazzling Flash           Conj/Hex       0%         N/A       85%         3
 Frozen Ramparts          Ice            0%         1d8       85%         3
 Ozocubu's Armour         Ice            0%         N/A       85%         3
 Portal Projectile        Hex/Tloc       0%         N/A       85%         3
 Spider Form              Tmut/Pois      0%         N/A       85%         3
 Stone Arrow              Conj/Erth      0%         3d7       85%         3
 Swiftness                Air            0%         N/A       85%         3
 Corpse Rot               Necr/Pois/Air  0%         N/A       99%         4
 Ice Form                 Ice/Tmut       0%         N/A       99%         4
 Leda's Liquefaction      Hex/Erth       0%         N/A       99%         4
 Agony                    Necr           0%         N/A       100%        5
 Borgnjor's Vile Clutch   Necr/Erth      0%         N/A       100%        5
 Lee's Rapid Deconstruct  Erth           0%         3d5*      100%        5
 Lightning Bolt           Conj/Air       0%         1d11      100%        5
 Silence                  Hex/Air        0%         N/A       100%        5
 Ozocubu's Refrigeration  Ice            0%         4d7       100%        7
 Maxwell's Capacitive Co  Air            0%         ∞         100%        8
 Call Canine Familiar     Summ           Unusable   N/A       N/A         3
 Summon Ice Beast         Ice/Summ       Unusable   N/A       N/A         4

Dungeon Overview and Level Annotations

Branches:
Dungeon (11/15)            Temple (1/1) D:6            Lair (5/5) D:11
  Swamp (0/4) Lair:3       Spider (0/4) Lair:3        Slime (0/5) Lair:4
    Orc (2/2) D:9           Sewer (visited)          Bailey (visited)
Volcano (visited)         Gauntlet (visited)
    Elf: Orc:2

Altars:
Ashenzari
Cheibriados
Dithmenos
Fedhas
Gozag
Hepliaklqana
Kikubaaqudgha
Makhleb
Nemelex Xobeh
Okawaru
Qazlal
Ru
Sif Muna
Trog
Uskayaw
Vehumet
Wu Jian
Xom
Yredelemnul
Jiyva

Annotations:
Orc:2 Maurice, Saint Roka


Innate Abilities, Weirdness & Mutations

You have claws for hands.
You are mostly covered in molten scales. (AC +3)
You sometimes emit foul miasma when damaged in melee.
You regenerate a little health from kills.


Message History

You emit a cloud of foul miasma!
Saint Roka says, "In the orcish mines, orcs kill the likes of YOU!"
Saint Roka roars a battlecry!
The orcs go into a battle-frenzy!
The ice devil hits you but does no damage.
The rust devil hits you. The rust devil corrodes you!
The red devil hits you from afar with a +0 demon trident of freezing.
Barbed spikes become lodged in your body.
The red devil freezes you.
Maurice casts a spell.
Maurice puts on a burst of speed!
The orc warrior completely misses you.
The orc wizard gestures at you while chanting.
The puff of flame hits you but does no damage.
The orc priest calls upon Beogh to heal Saint Roka.
Saint Roka is healed somewhat.
The orc warrior is engulfed in dark miasma.
The orc warrior is poisoned.
The orc warrior seems to slow down.
You kill the orc warrior!
Okawaru accepts your kill.
Saint Roka invokes the aid of Beogh against you.
Beogh smites you!
* * * LOW HITPOINT WARNING * * *
The ice devil hits you!
* * * LOW HITPOINT WARNING * * *
The ice devil freezes you! You resist.
* * * LOW HITPOINT WARNING * * *
The rust devil hits you.
* * * LOW HITPOINT WARNING * * *
The rust devil corrodes you!
The red devil hits you from afar with a +0 demon trident of freezing!
* * * LOW HITPOINT WARNING * * *
Barbed spikes become lodged in your body.
The red devil freezes you.
* * * LOW HITPOINT WARNING * * *
Maurice zaps a wand.
You shrug off the repeated paralysis!
The orc wizard hits you with a +0 dagger.
* * * LOW HITPOINT WARNING * * *
The orc warrior hits you but does no damage.
The orc priest hits you with a +0 flail!
You die...

##..#..#...## .
......$.... ..
.........##.
...#..)........
...............
~....o@oo......
^....oo§o......
.....o4@oo.....
....O44o)......
......o........
.#....o........
...o#..........
...............
.............$.
...............


You could see Saint Roka, Maurice (swift), an ice devil (summoned), a rust devil
(summoned), an orc sorcerer (strong), a red devil (summoned), 3 orc warriors, an
ogre, 4 orc priests, 2 orc wizards and 2 orcs.

Vanquished Creatures
  Gastronok (Lair:3)
  A tengu reaver (D:11)
  A fire giant (D:11)
  An orc warlord (Orc:1)
  A war gargoyle (D:11)
  Nessos (Lair:3)
  A minotaur (Gauntlet)
  The ghost of Tenar the Destroyer, a journeyman DsEE of Gozag (D:11)
  A boulder beetle (Lair:1)
  4 hydras
  A centaur warrior (D:11)
  A catoblepas (Lair:2)
  2 two-headed ogres (D:11)
  Erica (D:8)
  4 death yaks (Lair:3)
  Urug (D:10)
  Sonja (Lair:4)
  2 skeletal warriors (Volcano)
  A deep troll (D:11)
  A death drake (Gauntlet)
  A deep elf archer (D:9)
  Pikel (D:8)
  2 deep elf pyromancers (D:11)
  3 anaconda skeletons (Volcano)
  2 oklob plants
  2 cyclopes (D:11)
  2 wolf spiders
  3 orc sorcerers (Orc:1)
  3 ugly things
  2 manticores (D:11)
  6 elephants (Lair:2)
  2 spectral centaurs (Gauntlet)
  A guardian serpent (Lair:5)
  A smoke demon (Gauntlet)
  9 black mambas
  12 cane toads
  8 gargoyles
  A torpor snail (Lair:5)
  A freezing wraith (D:11)
  7 komodo dragons
  A redback zombie (Gauntlet)
  5 rime drakes
  3 polar bears
  3 trolls
  Prince Ribbit (D:5)
  Grinder (D:5)
  9 hornets
  A harpy skeleton (Volcano)
  5 dream sheep (Lair:4)
  15 blink frogs
  A shadow (D:11)
  3 flying skulls (Volcano)
  3 wraiths
  54 yaks
  4 basilisks
  12 wyverns
  4 vampire mosquitoes (D:11)
  2 redbacks
  3 steam dragons
  4 acid dragons
  Duvessa (D:7)
  21 water moccasins
  A floating eye (Orc:1)
  4 black bears
  23 orc warriors
  A sky beast (D:8)
  2 ice beasts
  5 ogres
  The ghost of PaleRider the Trooper, an amateur DsFi (D:3)
  15 centaurs
  A lemure (D:8)
  8 wolves
  A phantom (D:5)
  8 kobold brigands
  10 bullfrogs
  A scorpion (D:6)
  A necrophage (D:5)
  17 wights
  Dowan (D:7)
  15 killer bees
  3 troll skeletons (Volcano)
  3 howler monkeys (D:9)
  4 spriggan skeletons (Volcano)
  5 electric eels
  2 crimson imps (Gauntlet)
  A lava snake (Lair:5)
  4 jellies
  9 orc priests
  3 hounds
  4 iguanas
  14 orc wizards
  3 gnolls (D:4)
  12 adders
  4 river rats
  2 shadow imps (D:3)
  A white imp (D:4)
  An ufetubus (D:4)
  4 worms (Sewer)
  2 dart slugs
  52 orcs
  4 bats
  7 endoplasms
  2 giant cockroaches
  8 goblins
  6 hobgoblins
  4 quokkas
  10 ball pythons
  3 frilled lizards
  25 kobolds
  4 rats
574 creatures vanquished.

Vanquished Creatures (others)
  A wyvern (Lair:3)
  A human (D:7)
  14 demonic plants (Gauntlet)
  41 fungi
  100 plants
157 creatures vanquished.

Grand Total: 731 creatures vanquished

Notes
Turn   | Place    | Note
-------+----------+-------------------------------------------
     0 | D:1      | Turgor the Demonspawn Gladiator began the quest for the
                  | Orb.
     0 | D:1      | Reached XP level 1. HP: 16/16 MP: 1/1
   288 | D:1      | Gained mutation: You are partially covered in molten
                  | scales. (AC +2) [demonic ancestry]
   288 | D:1      | Reached XP level 2. HP: 22/22 MP: 2/2
   481 | D:1      | Found a faded altar of an unknown god.
   585 | D:1      | Reached skill level 3 in Axes
  1182 | D:2      | Gained mutation: You are mostly covered in molten scales.
                  | (AC +3) [demonic ancestry]
  1182 | D:2      | Reached XP level 3. HP: 27/28 MP: 3/3
  1314 | D:2      | Learned a level 1 spell: Necrotise
  1316 | D:2      | Learned a level 1 spell: Summon Small Mammal
  1668 | D:3      | Reached skill level 1 in Armour
  1752 | D:3      | Found a transporter.
  1753 | D:3      | Found a runed translucent door.
  1754 | D:3      | Noticed a bullfrog
  1846 | D:3      | Identified the +8 flail "Newtslayer" {spect, Dex+7}
  1887 | D:3      | Noticed PaleRider's ghost (amateur DsFi)
  2129 | D:3      | Found a transporter.
  2207 | D:3      | Gained mutation: You regenerate a little health from kills.
                  | [demonic ancestry]
  2207 | D:3      | Reached XP level 4. HP: 34/34 MP: 4/4
  2282 | D:4      | Learned a level 1 spell: Apportation
  2416 | D:4      | Noticed a black bear
  2420 | D:4      | Killed a black bear
  2421 | D:4      | Gained mutation: You may rarely emit foul miasma when
                  | damaged in melee. [demonic ancestry]
  2421 | D:4      | Reached XP level 5. HP: 41/41 MP: 5/5
  2429 | D:4      | Reached skill level 4 in Axes
  2442 | D:4      | Found an ornate altar of the Wu Jian Council.
  2539 | D:4      | Noticed an ogre
  2547 | D:4      | Killed an ogre
  2548 | D:4      | Gained mutation: You have sharp fingernails. [demonic
                  | ancestry]
  2548 | D:4      | Reached XP level 6. HP: 13/47 MP: 6/6
  3273 | D:5      | Entered Level 5 of the Dungeon
  3313 | D:5      | Noticed Grinder
  3315 | D:5      | Reached skill level 5 in Axes
  3319 | D:5      | Killed Grinder
  3320 | D:5      | Reached XP level 7. HP: 43/54 MP: 7/7
  3531 | D:5      | Noticed Prince Ribbit
  3536 | D:5      | Killed Prince Ribbit
  3537 | D:5      | Reached skill level 6 in Axes
  3661 | D:5      | Gained mutation: You sometimes emit foul miasma when
                  | damaged in melee. [demonic ancestry]
  3661 | D:5      | Reached XP level 8. HP: 61/61 MP: 8/8
  3760 | D:5      | Reached skill level 5 in Fighting
  3959 | D:5      | Found a hide-covered altar of Uskayaw.
  3963 | D:5      | Found a glowing drain.
  3977 | Sewer    | Entered a sewer
  4138 | Sewer    | Reached skill level 7 in Axes
  4729 | D:6      | Reached skill level 8 in Axes
  5087 | D:6      | Found a staircase to the Ecumenical Temple.
  5093 | Temple   | Entered the Ecumenical Temple
  5286 | Temple   | Became a worshipper of Warmaster Okawaru
  5447 | D:6      | Reached XP level 9. HP: 53/71 MP: 9/9
  6040 | D:7      | Noticed Duvessa
  6043 | D:7      | Noticed Dowan
  6048 | D:7      | Killed Duvessa
  6049 | D:7      | Reached skill level 9 in Axes
  6053 | D:7      | Killed Dowan
  6309 | D:7      | Reached * piety under Okawaru
  6515 | D:7      | Reached skill level 10 in Axes
  6565 | D:7      | Found a broken altar of Ashenzari.
  6759 | D:7      | Found an ancient bone altar of Kikubaaqudgha.
  6968 | D:7      | Reached ** piety under Okawaru
  7177 | D:7      | Gained mutation: You have very sharp fingernails. [demonic
                  | ancestry]
  7177 | D:7      | Reached XP level 10. HP: 80/80 MP: 10/10
  7288 | D:7      | Found a snail-covered altar of Cheibriados.
  7288 | D:7      | Found a blossoming altar of Fedhas.
  7295 | D:7      | Found a sacrificial altar of Ru.
  7694 | D:8      | Noticed Erica
  7697 | D:8      | Killed Erica
  7697 | D:8      | Reached *** piety under Okawaru
  7698 | D:8      | Reached skill level 11 in Axes
  7976 | D:8      | Found a flagged portal.
  7992 | Bailey   | Entered a bailey
  8324 | Bailey   | Reached **** piety under Okawaru
  8408 | Bailey   | Reached skill level 12 in Axes
  9595 | D:8      | Noticed Pikel
  9603 | D:8      | Killed Pikel
  9603 | D:8      | Reached ***** piety under Okawaru
  9604 | D:8      | Reached skill level 1 in Shields
  9604 | D:8      | Reached XP level 11. HP: 90/90 MP: 11/11
  9631 | D:8      | Reached skill level 10 in Fighting
  9845 | D:8      | Acquired 1164 gold pieces
  9847 | D:8      | Acquired the +1 pair of boots of Qehan {SInv}
 10055 | D:9      | Reached skill level 1 in Invocations
 10419 | D:9      | Found a runed translucent door.
 10615 | D:9      | Noticed a deep elf archer
 10639 | D:9      | Killed a deep elf archer
 10639 | D:9      | Identified the +0 pair of gloves "Cuyxteg" {rF+} (Okawaru
                  | gifted it to you on level 9 of the Dungeon)
 10639 | D:9      | Received a gift from Okawaru
 10654 | D:9      | Identified the +0 leather armour of Agoraphobia {rElec rN+}
 10948 | D:9      | Noticed a wolf spider
 10961 | D:9      | Killed a wolf spider
 11308 | D:9      | Found a staircase to the Orcish Mines.
 11444 | D:9      | Found a shimmering altar of Xom.
 11445 | D:9      | Found a hazy altar of Hepliaklqana.
 11446 | D:9      | Noticed a hell beast
 11657 | D:10     | Entered Level 10 of the Dungeon
 11752 | D:10     | Noticed a red ugly thing
 11759 | D:10     | Killed a red ugly thing
 11760 | D:10     | Reached skill level 13 in Axes
 12049 | D:10     | Noticed Urug
 12058 | D:10     | Killed Urug
 13028 | D:10     | Upgraded the game from 0.29-a0-993-g4a18f31a58 to
                  | 0.29-a0-994-gc5c9f59d18
 13069 | D:11     | Reached XP level 12. HP: 84/100 MP: 15/15
 13087 | D:11     | Identified the +2 robe of Xyidwor {rF+}
 13182 | D:11     | Found a staircase to the Lair.
 13191 | D:11     | Received a gift from Okawaru
 13191 | D:11     | Found the +7 Kryia's mail coat {PotionHeal*2 rC+}
 13365 | D:11     | Reached skill level 5 in Shields
 13540 | D:11     | Reached skill level 5 in Invocations
 13639 | D:11     | Noticed a two-headed ogre
 13644 | D:11     | Killed a two-headed ogre
 13650 | D:11     | Noticed an eight-headed hydra
 13654 | D:11     | Killed an eight-headed hydra
 13661 | D:11     | Noticed an eight-headed hydra
 13667 | D:11     | Killed an eight-headed hydra
 13668 | D:11     | Reached skill level 5 in Dodging
 13671 | D:11     | Noticed a fire giant
 13682 | D:11     | Killed a fire giant
 13855 | D:11     | Reached ****** piety under Okawaru
 13856 | D:11     | Reached skill level 5 in Armour
 13857 | D:11     | Identified the +2 helmet "Zitzyczo" {Int+6}
 13881 | D:11     | Noticed a war gargoyle
 13888 | D:11     | Killed a war gargoyle
 13891 | D:11     | Identified the +1 plate armour of Articulation {rElec
                  | Slay+3} (Okawaru gifted it to you on level 11 of the
                  | Dungeon)
 13891 | D:11     | Received a gift from Okawaru
 13892 | D:11     | Reached skill level 5 in Throwing
 14140 | D:11     | Identified the +5 broad axe "Newtslayer" {protect, rElec
                  | rPois rN+ Stlth+}
 14161 | D:11     | Noticed a tengu reaver
 14183 | D:11     | Killed a tengu reaver
 14184 | D:11     | Reached skill level 14 in Axes
 14430 | D:11     | Noticed a centaur warrior
 14440 | D:11     | Killed a centaur warrior
 14777 | D:11     | Noticed a two-headed ogre
 14790 | D:11     | Killed a two-headed ogre
 14791 | D:11     | Reached XP level 13. HP: 42/109 MP: 17/17
 15162 | D:11     | Found a large runed translucent door.
 15162 | D:11     | Found a large runed translucent door.
 15163 | D:11     | Noticed Tenar's ghost (journeyman DsEE)
 15188 | D:11     | Killed Tenar's ghost
 15724 | D:3      | Killed PaleRider's ghost
 15979 | Lair:1   | Entered Level 1 of the Lair of Beasts
 16999 | Lair:2   | Received a gift from Okawaru
 17131 | Lair:2   | Identified the +0 robe of Integrity {Stlth+} (Okawaru
                  | gifted it to you on level 2 of the Lair of Beasts)
 17131 | Lair:2   | Received a gift from Okawaru
 18539 | Lair:3   | Found a gate leading to a gauntlet.
 18544 | Lair:3   | Noticed Nessos
 18553 | Gauntlet | Entered a Gauntlet
 18553 | Gauntlet | Found a transporter.
 18562 | Gauntlet | Found a transporter.
 18580 | Gauntlet | Found a transporter.
 18584 | Gauntlet | Found a large runed translucent door.
 18584 | Gauntlet | Found a large runed translucent door.
 18586 | Gauntlet | Found a large runed translucent door.
 18586 | Gauntlet | Found a large runed translucent door.
 18586 | Gauntlet | Found a large runed translucent door.
 18587 | Gauntlet | Found a runed translucent door.
 18588 | Gauntlet | Found a transporter.
 18589 | Gauntlet | Found a runed translucent door.
 18590 | Gauntlet | Found a large runed translucent door.
 18590 | Gauntlet | Found a large runed translucent door.
 18590 | Gauntlet | Found a large runed translucent door.
 18591 | Gauntlet | Found a large runed translucent door.
 18592 | Gauntlet | Found a large runed translucent door.
 18599 | Gauntlet | Found a large runed translucent door.
 18599 | Gauntlet | Found a large runed translucent door.
 18600 | Gauntlet | Found a large runed translucent door.
 18600 | Gauntlet | Found a large runed translucent door.
 18600 | Gauntlet | Found a large runed translucent door.
 18602 | Gauntlet | Found a runed translucent gate.
 18602 | Gauntlet | Found a runed translucent gate.
 18602 | Gauntlet | Found a runed translucent gate.
 18604 | Gauntlet | Found a transporter.
 18615 | Gauntlet | Found a large runed translucent door.
 18645 | Gauntlet | Found a transporter.
 18654 | Gauntlet | Found a transporter.
 18659 | Gauntlet | Found a transporter.
 18674 | Gauntlet | Found a transporter.
 18687 | Gauntlet | Found a transporter.
 18702 | Gauntlet | Found a transporter.
 18707 | Gauntlet | Found a transporter.
 18722 | Gauntlet | Found a transporter.
 18739 | Gauntlet | Found a transporter.
 18759 | Gauntlet | Found a transporter.
 18788 | Gauntlet | Found a transporter.
 18790 | Gauntlet | Found a transporter.
 18811 | Gauntlet | Found a transporter.
 18897 | Gauntlet | Identified the ring "Qyry" {rElec rF+ EV+4}
 19048 | Gauntlet | Identified the +1 dire flail of Severance {vorpal, +Blink
                  | rN+}
 19085 | Gauntlet | Identified the ring "Ziraplusch" {Will- Dex+7 Slay+4}
 19106 | Gauntlet | Noticed a minotaur
 19124 | Gauntlet | Killed a minotaur
 19131 | Gauntlet | Identified the +3 ring mail of Safeusih {Harm rPois Str+7
                  | Stlth-}
 19132 | Gauntlet | Got Lezes's Incunabulum of Spelunking and the Nimbus
 19154 | Lair:3   | Noticed Gastronok
 19159 | Lair:3   | Killed Nessos
 19172 | Lair:3   | Killed Gastronok
 19266 | Lair:3   | Reached XP level 14. HP: 109/118 MP: 20/20
 19421 | Lair:3   | Received a gift from Okawaru
 19422 | Lair:3   | Reached skill level 15 in Axes
 19444 | Lair:3   | Identified the +1 ring mail of Okawaru's Approval {Rampage
                  | Slay+3} (Okawaru gifted it to you on level 3 of the Lair of
                  | Beasts)
 19444 | Lair:3   | Received a gift from Okawaru
 19883 | Lair:3   | Found a staircase to the Swamp.
 20033 | Lair:3   | Found a hole to the Spider Nest.
 20453 | Lair:4   | Found a dark tunnel.
 20476 | Volcano  | Entered a volcano
 21186 | Lair:4   | Noticed Sonja
 21189 | Lair:4   | Killed Sonja
 21374 | Lair:4   | Found a hide-covered altar of Uskayaw.
 21451 | Lair:4   | Found a viscous altar of Jiyva.
 21451 | Lair:4   | Found a staircase to the Slime Pits.
 21899 | Lair:5   | Entered Level 5 of the Lair of Beasts
 22237 | Lair:5   | Received a gift from Okawaru
 23208 | Lair:5   | Identified the +1 pair of boots of Boiling Hail {-Tele
                  | Rampage rC++ Regen+}
 23460 | Orc:1    | Entered Level 1 of the Orcish Mines
 23552 | Orc:1    | Noticed an orc warlord
 23573 | Orc:1    | Killed an orc warlord
 23573 | Orc:1    | Received a gift from Okawaru
 23769 | Orc:1    | Reached skill level 10 in Invocations
 23769 | Orc:1    | Gained mutation: You have claws for hands. [demonic
                  | ancestry]
 23769 | Orc:1    | Reached XP level 15. HP: 127/127 MP: 20/22
 23773 | Orc:1    | Paralysed by an orc sorcerer for 2 turns
 23878 | Orc:2    | Entered Level 2 of the Orcish Mines
 23878 | Orc:2    | Noticed Saint Roka
 23879 | Orc:2    | Noticed Maurice
 23890 | Orc:2    | Paralysed by Maurice for 4 turns
 23894 | Orc:2    | HP: 4/127 [red devil/+0 demon trident of freezing[an orc
                  | sorcerer] (9)]
 23894 | Orc:2    | HP: 1/127 [orc wizard/+0 dagger (1)]
 23894 | Orc:2    | Mangled by an orc priest

Illustrated notes

Levels and vault maps discovered:
D:1:      dpeg_arrival_simpleton_b, layout_basic,
          hellmonk_ecumenical_altar_blasted
D:2:      layout_basic
D:3:      gammafunk_wand_slinger, layout_basic, ebering_ghost_sewer_d
D:4:      layout_basic, nzn_wu_jian_council_hall
D:5:      layout_basic, nicolae_overflow_hidden_temple, portal_sewer_entry_b,
          uniq_grinder, uniq_prince_ribbit1
D:6:      layout_basic, minmay_temple_entry_enclosed_plants, patterned_corridor
D:7:      layout_basic, nicolae_ashenzari_skybound, tgw_kikubaaqudgha,
          nicolae_overflow_hallway_of_the_gods, uniq_duvessa
D:8:      layout_gridville, enter_bailey_2, uniq_erica, uniq_pikel
D:9:      minmay_the_grid_four_pointed_star
          [minmay_the_grid_triangle_9x9_corruption,
          minmay_the_grid_triangle_9x9_thin_v,
          minmay_the_grid_triangle_9x9_checkered,
          minmay_the_grid_triangle_9x9_subtriangle,
          minmay_the_grid_prize_diamond_cup], layout_basic,
          regret_index_temple_of_mockery, orc_0_dummy
D:10:     layout_small_grid, serial_bayou_lagoon_a, uniq_urug
D:11:     minmay_box_of_curves, layout_cross, dpeg_oklobed_lair,
          ebering_ghost_disaster_area, fountainhead
Temple:   bh_familiar_temple
Lair:1:   layout_gridlike
Lair:2:   layout_hall_layers
Lair:3:   layout_cave_pods, swamp_mist, spider_nest_entry_webs,
          gauntlet_entry_generic, grunt_megastairs_5, lemuel_fruit_fields,
          uniq_nessos, uniq_gastronok
Lair:4:   layout_loops_ring, slime_entry_1, nicolae_volcano_entry_two_sided,
          basic_altar, chequers_serial_rivers_room_b,
          grunt_forest_small_clearings, uniq_sonja
Lair:5:   hangedman_lair_tendril_chambers, layout_gridlike, serial_bayou_shore_a
Orc:1:    hellmonk_paralyzer, layout_diamond_mine
Orc:2:    grunt_orc_cross, layout_caves, serial_shops, nicolae_shop_stone,
          uniq_saint_roka, uniq_maurice

Skill      XL: |  1  2  3  4  5  6  7  8  9 10 11 12 13 14 |
---------------+-------------------------------------------+-----
Throwing       | 2 3 4 5 6 7 |  7.6
Axes           | 3 4 5 6 8 10 12 13 14 15 | 15.9
Armour         | 1 2 3 4 5 6 7 |  7.7
Dodging        | 3 4 5 6 7 |  7.8
Fighting       | 3 4 6 8 9 11 12 13 14 | 14.7
Shields        | 1 4 6 8 9 |  9.0
Invocations    | 4 6 8 10 | 10.0

Action                   |  1- 3 |  4- 6 |  7- 9 | 10-12 | 13-15 || total
-------------------------+-------+-------+-------+-------+-------++-------
Melee: War axe           |   111 |       |       |       |       ||   111
       Punch             |     2 |     2 |     2 |       |       ||     6
       Flail             |    16 |    50 |   195 |   416 |       ||   677
       Trident           |       |       |       |    22 |       ||    22
       Broad axe         |       |       |       |    62 |   905 ||   967
       Eveningstar       |       |       |       |       |    10 ||    10
Throw: Throwing net      |       |     1 |     1 |       |     2 ||     4
       Dart              |       |       |       |     8 |     4 ||    12
       Javelin           |       |       |       |       |    15 ||    15
Invok: Heroism           |       |       |       |     2 |    12 ||    14
Evoke: Wand              |       |       |     1 |     8 |    14 ||    23
       Tin of tremorston |       |       |       |     1 |     2 ||     3
       Phial of floods   |       |       |       |     1 |     2 ||     3
  Use: Scroll            |       |     4 |     2 |     7 |     6 ||    19
       Potion            |       |     1 |       |     4 |     6 ||    11
 Stab: Held in net/web   |       |     1 |       |       |     3 ||     4
       Distracted        |       |       |       |     4 |     1 ||     5
       Invisible         |       |       |       |       |     5 ||     5
Armor: Leather armour    |    14 |       |       |       |       ||    14
       Scale mail        |    45 |    22 |    51 |    80 |   384 ||   582
       Chain mail        |       |       |    24 |   248 |       ||   272
Dodge: Dodged            |    66 |    22 |    61 |   209 |   432 ||   790
Block: Buckler           |       |       |       |   107 |   226 ||   333

Table legend: (Time is in decaauts)
 A = Elapsed time spent in this place.
 B = Non-inter-level travel time spent in this place.
 C = Inter-level travel time spent in this place.
 D = Time resting spent in this place.
 E = Time spent auto-exploring this place.
 F = Levels seen in this place.
 G = Mean time per level.
                   A        B        C        D        E       F      G
               +--------+--------+--------+--------+--------+-----+--------+
         Total |  24061 |  22812 |   1249 |   2986 |  12916 |  23 | 1046.1 |
       Dungeon |  13697 |  12734 |    963 |   1804 |   7770 |  11 | 1245.2 |
        Temple |    219 |    188 |     31 |      0 |    154 |   1 |  219.0 |
          Lair |   6190 |   5971 |    219 |    308 |   4065 |   5 | 1238.0 |
  Orcish Mines |    416 |    381 |     35 |     18 |     98 |   2 |  208.0 |
         Sewer |    827 |    827 |      0 |     12 |    567 |   1 |  827.0 |
        Bailey |   1611 |   1611 |      0 |    600 |    260 |   1 | 1611.0 |
       Volcano |    522 |    522 |      0 |    133 |      0 |   1 |  522.0 |
      Gauntlet |    577 |    577 |      0 |    110 |      0 |   1 |  577.0 |
               +--------+--------+--------+--------+--------+-----+--------+

Top non-repeatable levels by time:
    D:11: 2467 daAuts
     D:9: 1846 daAuts
  Bailey: 1611 daAuts
     D:7: 1517 daAuts
    D:10: 1477 daAuts
  Lair:3: 1424 daAuts
  Lair:2: 1412 daAuts
  Lair:5: 1377 daAuts
     D:6: 1162 daAuts
     D:1: 1069 daAuts
     D:4: 1053 daAuts
  Lair:1: 990 daAuts
  Lair:4: 985 daAuts
     D:8: 863 daAuts
     D:5: 860 daAuts
